Map: Odyssey LE

Players

Namshar - Winner!

  • Race: Zerg Zerg
  • League: Master
  • Spawn Location: 11:00

Bly

  • Race: Zerg Zerg
  • Spawn Location: 5:00

Event: WESG Barcelona European Finals 2017

VOD

Have the link to the VOD?

Description

Time

  • Played on: Nov. 25, 2017, 7:19 a.m.
  • Length: 9:25

All games in this series

Show
View Real Time Build Order
Export as new Build Order

Namshar Zerg - Winner!

Build Orders: Pool First 

Get SALT Encoding   

  12  0:00  Drone  
  13  0:14  Extractor  
  12  0:23  Spawning Pool  
  12  0:27  Drone  
  12  0:32  Drone  
  13  0:37  Drone  
  14  0:47  Overlord  
  14  1:10  Queen  
  14  1:11  Zergling x2  
  17  1:16  Metabolic Boost  
  17  1:20  Zergling x2  
  17  1:23  Zergling x2  
  19  1:28  Zergling x2  
  19  1:32  Zergling x2  
  21  1:54  Hatchery  
  20  2:02  Overlord  
  20  2:07  Zergling x2  
  21  2:09  Zergling x2  
  22  2:20  Zergling x6  
  25  2:25  Zergling x2  
  26  2:31  Zergling x2  
  27  2:45  Queen  
  29  2:53  Overlord  
  29  2:56  Drone  
  30  3:12  Drone x2  
  32  3:13  Drone  
  32  3:18  Drone x2  
  35  3:21  Drone  
  36  3:27  Drone x2  
  36  3:29  Drone  
  38  3:35  Drone  
  39  3:43  Overlord  
  39  3:56  Baneling Nest  
  39  3:59  Queen  
  39  4:00  Spine Crawler  
  39  4:06  Drone x3  
  41  4:12  Drone  
  41  4:13  Drone  
  43  4:17  Drone x2  
  43  4:20  Drone  
  44  4:32  Drone  
  44  4:33  Overlord  
  44  4:35  Drone x2  
  44  4:36  Queen  
  49  4:42  Drone x2  
  49  4:43  Overlord  
  51  4:45  Baneling  
  51  4:46  Baneling  
  51  4:51  Baneling x2  
  51  4:53  Drone  
  51  4:54  Drone x3  
  55  5:00  Drone x2  
  55  5:06  Overlord  
  57  5:10  Extractor  
  57  5:11  Extractor  
  57  5:13  Evolution Chamber, Roach Warren  
  53  5:19  Drone x3  
  53  5:20  Drone  
  53  5:21  Drone  
  58  5:34  Baneling  
  56  5:36  Hatchery  
  56  5:41  Lair  
  55  5:51  Zerg Missile Weapons Level 1  
  55  6:03  Roach x5  
  65  6:05  Overlord x2  
  65  6:09  Roach x2  
  69  6:21  Overlord x2  
  69  6:28  Roach x6  
  80  6:36  Roach  
  80  6:45  Roach  
  80  6:46  Roach x3  
  85  6:56  Glial Reconstitution  
  85  6:58  Drone x5  
  90  7:04  Overlord x2  
  90  7:10  Roach x2  
  90  7:13  Roach  
  96  7:19  Overlord  
  96  7:20  Overlord x3  
  96  7:23  Roach x3  
  96  7:24  Roach  
  104  7:30  Roach x3  
  104  7:32  Roach  
  112  7:38  Overlord  
  112  7:41  Roach  
  112  7:42  Roach  
  116  7:48  Roach  
  116  7:49  Roach x2  
  121  7:57  Roach x3  
  127  8:03  Drone  
  127  8:04  Drone  
  127  8:05  Extractor  
  128  8:06  Drone x2  
  130  8:19  Roach x2  
  134  8:21  Drone x4  
  134  8:22  Drone  
  139  8:36  Roach  
  139  8:37  Roach x6  
  154  8:48  Ravager  
  154  8:50  Ravager  
  154  8:52  Hatchery  
  154  8:53  Drone x2  
  154  8:54  Extractor  
  154  8:55  Extractor  
  154  8:59  Roach x3  
Show
View Real Time Build Order
Export as new Build Order

Bly Zerg 

Build Orders: 3 Hatch before Pool 

Get SALT Encoding   

  12  0:01  Drone  
  13  0:12  Overlord  
  13  0:16  Drone  
  14  0:30  Drone  
  14  0:32  Drone  
  14  0:35  Drone  
  17  0:54  Hatchery  
  17  0:55  Drone  
  17  1:16  Hatchery  
  16  1:19  Drone  
  16  1:21  Drone  
  18  1:34  Extractor  
  18  1:36  Spawning Pool  
  16  1:43  Drone x2  
  18  1:49  Drone  
  19  1:59  Drone  
  20  2:09  Drone  
  20  2:11  Drone  
  22  2:23  Drone  
  22  2:26  Zergling x2  
  24  2:30  Zergling x4  
  24  2:32  Spine Crawler  
  26  2:42  Metabolic Boost  
  25  2:51  Queen  
  25  2:55  Zergling x4  
  28  3:02  Overlord  
  28  3:12  Baneling Nest  
  27  3:17  Overlord  
  27  3:20  Zergling x2  
  27  3:21  Zergling x2  
  27  3:25  Zergling x2  
  28  3:36  Zergling x2  
  28  3:38  Drone  
  28  3:39  Drone  
  31  3:45  Zergling x2  
  32  3:56  Baneling  
  32  3:57  Baneling x5  
  32  4:07  Drone x4  
  35  4:27  Hatchery  
  35  4:30  Drone  
  35  4:48  Hatchery  
  35  4:50  Drone  
  35  4:53  Drone  
  35  4:59  Overlord  
  35  5:08  Drone x2  
  37  5:18  Drone x3  
  40  5:26  Drone  
  41  5:34  Baneling x2  
  40  5:43  Baneling x3  
  40  5:44  Baneling x2  
  40  5:46  Zergling x4  
  40  5:47  Zergling x4  
  44  6:04  Drone x2  
  44  6:06  Drone, Roach Warren  
  46  6:29  Zergling x8  
  46  6:30  Drone  
  46  6:31  Overlord  
  50  6:38  Overlord  
  50  6:39  Queen  
  46  6:51  Roach x5  
  56  6:57  Roach x2  
  56  6:58  Roach  
  62  7:02  Roach  
  62  7:06  Drone  
  65  7:08  Overlord x2  
  65  7:09  Extractor  
  65  7:10  Extractor  
  63  7:18  Queen  
  63  7:21  Overlord  
  63  7:22  Overlord x2  
  65  7:27  Drone x2  
  67  7:31  Drone x2  
  67  7:35  Drone x2  
  71  7:37  Lair  
  71  7:39  Overlord  
  71  7:51  Roach x3  
  71  7:52  Roach x5  
  71  7:58  Evolution Chamber  
  84  8:04  Roach x3  
  84  8:05  Roach  
  92  8:10  Zergling x8  
  95  8:12  Spine Crawler  
  95  8:13  Spine Crawler  
  95  8:15  Roach  
  95  8:19  Ravager  
  96  8:20  Roach  
  97  8:27  Roach x2  
  100  8:38  Roach x3  
  105  8:43  Extractor, Overlord  
  104  8:49  Roach, Overlord  
  104  8:53  Roach  
  106  8:56  Overlord  
  96  9:06  Roach  
Tags
 
Add a new tag
Caveats
  • Supply blocks, unpowered buildings, or Contaminate may cause inaccurate times.
  • Supply counts are checked every 10 seconds.